Map: Ruins of Seras

Players

praeLudium - Winner!

  • Race: Protoss Protoss
  • League: Gold

Viusto

  • Race: Protoss Protoss
  • League: Platinum

VOD

Have the link to the VOD?

Description

Time

  • Played on: Dec. 20, 2015, 6:05 p.m.
  • Length: 14:05
Show
View Real Time Build Order
Export as new Build Order

praeLudium Protoss - Winner!

Build Orders: 1 Gate Expand 

Get SALT Encoding   

  12  0:01  Probe (Chrono Boost)  
  13  0:11  Probe (Chrono Boost)  
  14  0:18  Pylon  
  14  0:23  Probe (Chrono Boost)  
  15  0:36  Probe (Chrono Boost)  
  15  0:38  Gateway  
  16  0:44  Assimilator  
  16  0:47  Probe (Chrono Boost)  
  17  0:58  Probe (Chrono Boost)  
  18  1:08  Probe (Chrono Boost)  
  19  1:23  Nexus  
  19  1:28  Probe (Chrono Boost)  
  20  1:39  Cybernetics Core  
  20  1:41  Probe (Chrono Boost)  
  20  1:46  Assimilator  
  21  1:54  Probe (Chrono Boost)  
  22  2:11  Pylon  
  22  2:13  Probe (Chrono Boost)  
  23  2:29  Adept  
  26  2:32  Mothership Core (Chrono Boost)  
  27  2:37  Gateway  
  27  2:40  Pylon  
  27  2:49  Probe (Chrono Boost)  
  27  2:50  Probe (Chrono Boost)  
  29  2:55  Warp Gate (Chrono Boost)  
  29  2:58  Adept  
  31  3:02  Probe  
  31  3:04  Probe  
  33  3:14  Robotics Facility  
  33  3:18  Gateway  
  33  3:20  Probe  
  33  3:22  Probe  
  35  3:55  Probe  
  33  3:57  Probe  
  33  4:02  Observer  
  36  4:05  Pylon  
  36  4:07  Probe  
  36  4:08  Stalker x2 (Chrono Boost)  
  36  4:09  Probe  
  42  4:13  Assimilator  
  42  4:15  Assimilator  
  42  4:19  Gateway, Probe  
  42  4:21  Probe  
  44  4:31  Probe, Immortal (Chrono Boost)  
  44  4:34  Probe  
  50  4:43  Probe (Chrono Boost)  
  51  4:46  Probe (Chrono Boost)  
  52  4:53  Twilight Council  
  52  4:55  Probe (Chrono Boost)  
  52  4:56  Forge  
  52  4:57  Probe (Chrono Boost)  
  54  5:01  Pylon  
  54  5:05  Probe (Chrono Boost)  
  53  5:14  Stalker x2, Blink  
  53  5:15  Stalker  
  53  5:16  Probe (Chrono Boost)  
  60  5:27  Probe x2 (Chrono Boost)  
  62  5:31  Protoss Ground Weapons Level 1 (Chrono Boost)  
  62  5:39  Sentry x2  
  62  5:40  Stalker  
  62  5:41  Probe x2  
  70  5:56  Pylon x2  
  70  6:10  Pylon  
  70  6:13  Warp Prism  
  72  6:20  Robotics Bay  
  72  6:21  Pylon  
  72  6:33  Stalker x4  
  72  6:35  Probe x2  
  72  6:39  Pylon  
  82  6:51  Pylon  
  82  6:57  Stalker x4  
  90  7:06  Nexus  
  90  7:11  Protoss Ground Weapons Level 2 (Chrono Boost)  
  90  7:15  Gravitic Drive (Chrono Boost)  
  85  7:35  Stalker  
  85  7:36  Stalker x3  
  91  7:44  Gateway  
  91  7:45  Gateway  
  91  7:47  Disruptor (Chrono Boost)  
  94  7:54  Probe x2  
  96  8:03  Adept x2  
  100  8:22  Probe  
  100  8:23  Probe x2  
  100  8:26  Disruptor (Chrono Boost)  
  106  8:30  Assimilator  
  106  8:32  Assimilator  
  106  8:33  Probe  
  106  8:35  Probe, Pylon  
  106  8:36  Probe, Pylon  
  106  8:38  Gateway  
  106  8:39  Sentry x2, Gateway  
  113  8:41  Sentry  
  113  8:43  Probe  
  113  8:48  Probe  
  117  9:02  Stalker x3  
  123  9:12  Probe, Disruptor (Chrono Boost)  
  123  9:13  Probe x2  
  129  9:22  Probe  
  129  9:25  Probe x2  
  129  9:28  Protoss Ground Weapons Level 3  
  132  9:33  Probe  
  132  9:37  Probe  
  89  10:33  Stalker x5  
  89  10:34  Stalker x2  
  97  10:48  Stalker  
  99  10:54  Gateway, Nexus  
  99  10:55  Gateway  
  99  10:56  Observer (Chrono Boost)  
  100  10:57  Gateway  
  100  10:59  Pylon  
  100  11:00  Robotics Facility  
  100  11:08  Stalker x3  
  100  11:09  Stalker x4  
  114  11:18  Dark Shrine  
  114  11:26  Disruptor (Chrono Boost)  
  117  11:42  Pylon  
  117  11:43  Pylon  
  117  11:47  Stalker x4  
  117  11:48  Stalker x3  
  117  11:51  Protoss Ground Armor Level 1  
  131  11:57  Disruptor (Chrono Boost)  
  131  11:58  Warp Prism (Chrono Boost)  
  136  12:06  Photon Cannon  
  136  12:15  Stalker x5  
  142  12:16  Stalker x6  
  158  12:33  Disruptor x2 (Chrono Boost)  
  164  12:49  Assimilator  
  164  12:52  Dark Templar x4  
  164  12:54  Assimilator  
  175  13:06  Disruptor x2 (Chrono Boost)  
  178  13:33  Adept x5  
Show
View Real Time Build Order
Export as new Build Order

Viusto Protoss 

Build Orders:  

Get SALT Encoding   

  12  0:01  Probe (Chrono Boost)  
  13  0:12  Probe (Chrono Boost)  
  14  0:19  Pylon  
  14  0:22  Probe (Chrono Boost)  
  15  0:38  Probe (Chrono Boost)  
  15  0:39  Gateway  
  16  0:43  Assimilator  
  16  0:48  Probe (Chrono Boost)  
  17  0:53  Assimilator  
  17  0:59  Probe (Chrono Boost)  
  18  1:12  Probe (Chrono Boost)  
  19  1:23  Probe (Chrono Boost)  
  20  1:28  Cybernetics Core  
  20  1:33  Probe (Chrono Boost)  
  21  1:51  Nexus  
  21  1:56  Probe (Chrono Boost)  
  22  2:06  Probe (Chrono Boost)  
  22  2:07  Pylon  
  23  2:11  Warp Gate (Chrono Boost)  
  23  2:24  Gateway  
  23  2:29  Mothership Core  
  25  2:38  Stalker  
  27  2:51  Pylon  
  27  2:54  Probe  
  28  3:02  Twilight Council  
  28  3:08  Probe  
  28  3:09  Probe  
  30  3:18  Probe  
  30  3:20  Stalker (Chrono Boost)  
  33  3:31  Stalker (Chrono Boost)  
  36  3:34  Probe  
  34  4:01  Probe  
  35  4:04  Probe  
  35  4:05  Blink (Chrono Boost)  
  36  4:14  Gateway, Probe  
  36  4:16  Gateway  
  37  4:18  Robotics Facility  
  37  4:22  Probe, Pylon  
  38  4:25  Probe  
  39  4:34  Probe  
  39  4:35  Probe  
  41  4:45  Assimilator  
  41  4:46  Probe  
  41  4:48  Probe  
  41  4:49  Assimilator  
  43  4:52  Stalker  
  43  4:53  Stalker  
  43  4:58  Probe  
  43  4:59  Probe  
  49  5:10  Probe  
  50  5:14  Immortal (Chrono Boost)  
  50  5:15  Probe  
  55  5:22  Probe  
  55  5:25  Pylon  
  55  5:27  Stalker x2  
  60  5:30  Probe  
  60  5:34  Probe  
  62  5:43  Probe  
  62  5:47  Probe, Pylon  
  64  5:52  Pylon  
  64  5:54  Pylon  
  64  5:55  Probe  
  64  5:56  Observer (Chrono Boost)  
  66  5:58  Pylon  
  66  6:00  Stalker  
  68  6:06  Probe  
  68  6:08  Sentry x3  
  75  6:16  Gateway x2  
  75  6:18  Probe  
  74  6:31  Stalker  
  74  6:32  Stalker x2  
  80  6:35  Probe x2  
  80  6:39  Sentry  
  84  6:47  Probe x2  
  84  6:51  Immortal  
  90  6:59  Probe  
  91  7:03  Nexus  
  91  7:11  Stalker  
  93  7:19  Pylon  
  93  7:21  Pylon  
  93  7:31  Observer  
  94  7:39  Stalker x6  
  106  7:47  Robotics Bay  
  106  7:52  Observer  
  106  7:54  Assimilator  
  107  8:04  Zealot  
  106  8:13  Immortal  
  106  8:16  Stalker x3  
  115  8:34  Probe x2  
  117  8:35  Probe  
  117  8:36  Assimilator  
  118  8:46  Probe  
  118  8:47  Stalker x3  
  125  8:53  Pylon  
  124  9:01  Probe  
  125  9:09  Probe  
  125  9:11  Probe  
  125  9:17  Pylon x2  
  127  9:19  Sentry x3  
  127  9:20  Pylon  
  127  9:22  Pylon  
  133  9:26  Pylon  
  133  9:28  Pylon  
  133  9:30  Pylon  
  124  10:04  Stalker x4  
  124  10:05  Stalker x2  
  95  10:26  Stalker  
  89  10:37  Disruptor  
  92  10:43  Robotics Facility  
  92  10:45  Gateway  
  92  10:49  Gateway  
  92  10:51  Gateway  
  92  10:53  Gateway  
  92  10:54  Sentry x2, Gateway  
  92  10:56  Sentry, Gateway  
  98  10:59  Gateway  
  98  11:02  Gateway  
  98  11:04  Stalker x2  
  102  11:07  Probe x2  
  102  11:09  Probe  
  102  11:10  Templar Archives  
  105  11:15  Dark Shrine  
  105  11:19  Probe x3, Pylon  
  105  11:21  Pylon  
  105  11:23  Pylon  
  108  11:26  Pylon  
  108  11:34  Probe  
  108  11:35  Probe  
  108  11:36  Probe  
  108  11:39  Forge  
  111  11:40  Forge  
  111  11:45  Probe  
  112  11:48  Probe x2  
  112  11:53  Pylon  
  113  11:54  Pylon  
  113  11:55  Probe  
  113  12:00  Probe  
  115  12:04  High Templar x4  
  123  12:10  Archon x2  
  123  12:14  High Templar x3  
  123  12:15  High Templar x4  
  137  12:21  Nexus  
  137  12:23  Disruptor (Chrono Boost)  
  137  12:29  Archon x3  
  140  12:35  Assimilator  
  140  12:37  Disruptor (Chrono Boost)  
  140  12:39  Assimilator  
  140  12:41  Pylon  
  140  12:43  Pylon  
  143  12:45  Pylon  
  143  12:53  Zealot x4  
  151  13:04  Probe x3  
  154  13:10  Sentry x2  
  154  13:11  Sentry  
  160  13:13  High Templar  
  160  13:16  Probe x3  
  165  13:20  Archon  
  165  13:22  Zealot x6  
  172  13:32  Photon Cannon  
Tags
 
Add a new tag
Caveats
  • Supply blocks, unpowered buildings, or Contaminate may cause inaccurate times.
  • Supply counts are checked every 10 seconds.